Get step-by-step instructions on how to execute this build order below. Start the game timer, and the build order will tick by so you can play in parallel with StarCraft on a second screen or mobile device.

Game Time

  0:00

Last Step

  N/A

Next Step

  12  0:00  SCV  

Upcoming Step

  13  0:18  Supply Depot  

Don't want to look back and forth between 2 screens? Try out our Overwolf App, the Spawning Tool Build Advisor to get an in-game overlay with this build!

Complete Build Order

  12  0:00  SCV  
  13  0:18  Supply Depot  
  13  0:21  SCV  
  14  0:34  SCV  
  15  0:46  SCV  
  16  0:50  Barracks  
  16  0:54  Supply Depot  
  16  0:56  Refinery  
  16  1:03  Refinery  
  16  1:06  SCV  
  17  1:18  SCV  
  18  1:33  Supply Depot  
  18  1:35  SCV  
  18  1:39  Marine  
  20  1:51  Factory  
  20  1:57  Marine  
  21  2:02  SCV  
  22  2:14  SCV  
  23  2:18  Marine  
  24  2:43  Factory Tech Lab  
  24  2:49  Orbital Command  
  24  2:52  Marine  
  25  3:19  Engineering Bay  
  25  3:20  SCV  
  26  3:34  Siege Tank  
  26  3:37  SCV  
  30  3:53  Sensor Tower  
  30  3:54  Marine  
  31  4:03  SCV  
  32  4:15  SCV  
  33  4:20  Command Center  
  33  4:26  Missile Turret  
  33  4:47  Refinery x2  
  33  4:56  Supply Depot  
  33  4:58  Supply Depot  
  33  5:20  Supply Depot  
  33  5:40  Planetary Fortress  
  33  5:42  Supply Depot  
  33  5:47  Siege Tank  
  36  5:52  SCV  
  37  6:06  Supply Depot  
  37  6:28  Supply Depot  
  32  6:50  Supply Depot  
  32  6:53  Supply Depot  
  32  6:56  Supply Depot  
  9  7:30  Orbital Command  
  9  7:33  SCV  
  10  7:45  SCV  
  11  7:57  SCV  
  12  8:09  SCV  
  13  8:21  SCV  
  14  8:29  Barracks, SCV  
  14  8:30  Refinery  
  14  8:33  SCV  
  16  8:41  SCV  
  16  8:45  SCV  
  18  8:51  Command Center  
  18  8:53  SCV  
  18  8:55  Refinery  
  19  9:03  Command Center  
  19  9:05  SCV  
  19  9:08  SCV  
  21  9:17  SCV  
  21  9:20  SCV  
  23  9:26  Supply Depot  
  23  9:29  SCV  
  24  9:33  SCV  
  25  9:40  Supply Depot  
  25  9:42  SCV  
  25  9:45  SCV  
  27  9:54  SCV  
  27  9:57  Factory  
  28  10:06  SCV  
  29  10:18  SCV  
  30  10:29  Sensor Tower  
  30  10:30  SCV  
  30  10:35  Orbital Command  
  31  10:38  SCV  
  31  10:42  SCV  
  33  10:45  Cyclone  
  36  10:50  Missile Turret, SCV  
  36  10:54  SCV  
  38  11:01  Planetary Fortress  
  38  11:02  SCV  
  39  11:06  Supply Depot, SCV  
  40  11:13  Factory  
  40  11:14  SCV  
  41  11:18  SCV  
  42  11:26  SCV  
  43  11:34  Missile Turret  
  43  11:58  Missile Turret  
  40  12:04  Factory Tech Lab  
  40  12:05  Siege Tank  
  43  12:25  Missile Turret  
  43  12:26  Factory  
  43  12:34  Factory, SCV  
  43  12:36  SCV  
  45  12:37  Siege Tank  
  48  12:44  Missile Turret  
  48  12:46  SCV  
  48  12:47  Armory  
  48  12:48  Armory, SCV  
  50  12:58  SCV  
  50  13:00  SCV